 Dungeon Crawl Stone Soup version 0.27-a0-1119-gbf574a6a6b (webtiles) character file.

Game seed: 14058209642150313232

16 kodamatunes15 the Grave Robber (level 2, 0/19 HPs)
             Began as a Merfolk Necromancer on May 2, 2021.
             Slain by a kobold
             ... wielding a +0 whip
              (1 damage)
             ... on level 1 of the Dungeon.
             The game lasted 00:04:25 (512 turns).

kodamatunes15 the Grave Robber (Merfolk Necromancer) Turns: 512, Time: 00:04:25

Health: 0/19       AC:  8    Str:  8    XL:     2   Next: 54%
Magic:  5/5        EV:  3    Int: 14    God:
Gold:   50         SH:  0    Dex: 14    Spells: 4/5 levels left

rFire    . . .     SeeInvis .   c - +0 short sword
rCold    . . .     Faith    .   (no shield)
rNeg     . . .     Spirit   .   i - +0 chain mail
rPois    .         Reflect  .   (no helmet)
rElec    .         Harm     .   (no cloak)
rCorr    .         Rampage  .   (no gloves)
Will     .....                  (no boots)
Stlth    ..........             (no amulet)
HPRegen  0.06/turn              (no ring)
MPRegen  0.09/turn              (no ring)

@: no status effects
A: (nimble swimmer 2), mertail
a: no special abilities


You were on level 1 of the Dungeon.
You visited 1 branch of the dungeon, and saw 1 of its levels.

You collected 50 gold pieces.

Inventory:

Hand Weapons
 c - a +0 short sword (weapon)
 d - a +0 quarterstaff
Missiles
 e - 47 stones
 h - 4 boomerangs
 j - 5 bolts
Armour
 a - a +0 robe
 f - a +0 ring mail
 i - a +0 chain mail (worn)
Scrolls
 g - a scroll of identify
Potions
 b - a potion of cancellation


   Skills:
 + Level 0.8 Short Blades
 + Level 3.1 Dodging
 + Level 2.4 Stealth
 + Level 2.0 Spellcasting
 + Level 3.4 Necromancy


You had 4 spell levels left.
You knew the following spells:

 Your Spells              Type           Power      Damage    Failure   Level
a - Pain                  Necr           44%        1d6       100%        1

Your spell library contained the following spells:

 Spells                   Type           Power      Damage    Failure   Level
 Animate Skeleton         Necr           22%        N/A       100%        1
 Corona                   Hex            1%         N/A       100%        1
 Ensorcelled Hibernation  Hex/Ice        2%         N/A       100%        2
 Confusing Touch          Hex            1%         N/A       100%        3
 Dazzling Flash           Conj/Hex       2%         N/A       100%        3
 Tukima's Dance           Hex            1%         N/A       100%        3
 Vampiric Draining        Necr           5%         2d6       100%        3
 Animate Dead             Necr           5%         N/A       100%        4
 Agony                    Necr           11%        N/A       100%        5


Dungeon Overview and Level Annotations

Branches:
Dungeon (1/15)

Altars:


Innate Abilities, Weirdness & Mutations

((You are quick and stealthy near water. (Stealth+, EV+, Speed+++)))
Your lower body shifts to a powerful aquatic tail in water.


Message History

A kobold comes into view. It is wielding a +0 whip.
You see here 5 bolts.
j - 5 bolts Your chain mail prevents you from hitting the hobgoblin.
The hobgoblin hits you.
You closely miss the hobgoblin. The hobgoblin barely misses you.
You barely miss the hobgoblin.
A hobgoblin comes into view.
The hobgoblin barely misses you.
You closely miss the kobold.
The hobgoblin shouts!
The kobold hits you but does no damage.
The hobgoblin hits you but does no damage.
You hit the hobgoblin but do no damage. The kobold hits you but does no damage.
The hobgoblin hits you but does no damage.
You hit the kobold but do no damage. The kobold barely misses you.
The hobgoblin hits you but does no damage.
You hit the hobgoblin.
The hobgoblin is heavily wounded.
The kobold hits you but does no damage. The kobold hits you with a +0 whip.
You closely miss the hobgoblin.
The hobgoblin is heavily wounded.
The hobgoblin hits you but does no damage.
The kobold hits you but does no damage.
You hit the kobold.
The kobold is moderately wounded.
The hobgoblin hits you but does no damage. x2
The kobold hits you with a +0 whip.
* * * LOW HITPOINT WARNING * * *
You hit the hobgoblin.
The hobgoblin is severely wounded.
The hobgoblin hits you but does no damage.
The hobgoblin barely misses you. The kobold hits you with a +0 whip.
* * * LOW HITPOINT WARNING * * *
You closely miss the hobgoblin.
The hobgoblin is heavily wounded.
The hobgoblin barely misses you. The hobgoblin hits you.
* * * LOW HITPOINT WARNING * * *
The kobold hits you with a +0 whip.
You die...

##
##.>.##.#######.#
.. #####..# #.# #
#..# #.. #..###
###. #....# .#
#..#.# # #..#.#
#..# # #@g# #gK#
#..# ...# ##.#
......... ..
.......# ..
........ ...
.K.....#


You could see 2 hobgoblins and a kobold.

Vanquished Creatures
  2 bats (D:1)
  3 endoplasms (D:1)
  A giant cockroach (D:1)
  2 goblins (D:1)
  2 quokkas (D:1)
  3 kobolds (D:1)
  A rat (D:1)
14 creatures vanquished.

Notes
Turn   | Place    | Note
-------+----------+-------------------------------------------
     0 | D:1      | kodamatunes15 the Merfolk Necromancer began the quest for
                  | the Orb.
     0 | D:1      | Reached XP level 1. HP: 13/13 MP: 3/3
   147 | D:1      | Reached XP level 2. HP: 11/19 MP: 5/5
   512 | D:1      | Slain by a kobold

Illustrated notes

Levels and vault maps discovered:
D:1:      dpeg_arrival_lava_temple_mockup, layout_loops_ring

Skill      XL: |  1 |
---------------+----+-----
Dodging        | 3 |  3.1
Short Blades   | |  0.8
Stealth        | |  2.4
Spellcasting   | |  2.0
Necromancy     | |  3.4

Action                   || total
-------------------------++-------
Melee: Short sword       ||    72
  Use: Scroll            ||     1
 Stab: Sleeping          ||     2
Armor: Ring mail         ||    25
       Chain mail        ||    29
Dodge: Dodged            ||    30

Table legend: (Time is in decaauts)
 A = Elapsed time spent in this place.
 B = Non-inter-level travel time spent in this place.
 C = Inter-level travel time spent in this place.
 D = Time resting spent in this place.
 E = Time spent auto-exploring this place.
 F = Levels seen in this place.
 G = Mean time per level.
                   A        B        C        D        E       F      G
               +--------+--------+--------+--------+--------+-----+--------+
         Total |    516 |    165 |    351 |      0 |      0 |   1 |  516.0 |
       Dungeon |    516 |    165 |    351 |      0 |      0 |   1 |  516.0 |
               +--------+--------+--------+--------+--------+-----+--------+

Top non-repeatable levels by time:
     D:1: 516 daAuts
